AoeStats
← ATABEY

African Clearing

510391745Analyzed
4v4 RM · 10h ago on Sep 30, 2026· 27m 32s· 8 players
Game mode
Random Map
Map size
Large (8 player)
Population
200
Speed
Normal
Resources
Standard
Victory
Conquest
Starting age
Dark Age
Ending age
Imperial Age
RankedLock teamsTeams togetherTeam positionsShared explorationLock speedFull tech treeHidden civsTurbo modeCheats
Victory
Defeat
🇦🇷 Burmese · Argentina
1577
+12
🇦🇹 Persians · Austria
1557
+13
1527
+14
🇹🇷 Tupi · Türkiye
1508
+15
🇫🇷 Maya · France
1606
-17
🇫🇷 Goths · France
1547
-16
🇩🇪 Khmer · Germany
1482
-13
🇫🇷 Vietnamese · France
1320
-8
ATABEY
12:15 Feudal Age
16:37 Castle Age
14:58 Double-Bit Axe
16:04 Loom
17:56 Fletching
18:11 Horse Collar
23:57 Bodkin Arrow
27:30 Padded Archer Armor
28:25 Ballistics
[DDocs] Haasal
5:34 Loom
13:16 Feudal Age
13:51 Double-Bit Axe
18:51 Castle Age
18:56 Scale Barding Armor
19:47 Bow Saw
20:26 Wheelbarrow
26:37 Bloodlines
26:50 Chain Barding Armor
[CL] Guatona, Guatona qla fea
9:24 Loom
11:28 Feudal Age
13:08 Wheelbarrow
13:08 Double-Bit Axe
16:23 Fletching
17:29 Horse Collar
23:34 Castle Age
21:57 Gold Mining
22:43 Padded Archer Armor
23:35 Crossbowman
24:13 Bodkin Arrow
25:27 Bow Saw
Tonguera
11:45 Loom
13:31 Feudal Age
18:40 Castle Age
20:49 Fletching
21:02 Padded Archer Armor
22:23 Gold Mining
27:19 Town Watch
ccereal
10:22 Loom
12:21 Feudal Age
11:35 Loom
16:02 Castle Age
13:55 Double-Bit Axe
14:47 Stone Mining
14:50 Fletching
18:14 Bow Saw
21:54 Bodkin Arrow
24:46 Padded Archer Armor
p0n0n0
8:47 Loom
13:26 Feudal Age
17:10 Castle Age
15:32 Double-Bit Axe
18:52 Bow Saw
20:18 Wheelbarrow
Jungle Kriss
11:38 Loom
14:41 Feudal Age
16:55 Town Watch
18:35 Wheelbarrow
19:49 Double-Bit Axe
19:51 Horse Collar
20:21 Gold Mining
Flybidi
11:16 Loom
13:33 Feudal Age
17:27 Castle Age
16:09 Double-Bit Axe
Connection lost

Rejoining the realm…

Still unreachable

The connection could not be restored.

Session expired

The server has moved on; the page needs a fresh start.